 Dungeon Crawl Stone Soup version 0.25-a0-253-g6f1b5d974a (webtiles) character file.

Game seed: 6038138318424362161, levelgen mode: classic

9118 Borgoz the Carver (level 11, -5/69 HPs)
             Began as a Gargoyle Gladiator on Dec 5, 2019.
             Was a Follower of Okawaru.
             Killed from afar by an ice dragon (24 damage)
             ... with a blast of cold
             ... on level 11 of the Dungeon.
             The game lasted 00:28:52 (9064 turns).

Borgoz the Carver (Gargoyle Gladiator)              Turns: 9064, Time: 00:28:52

Health: -5/69      AC: 25    Str: 24    XL:     11   Next: 41%
Magic:  11/11      EV: 17    Int: 10    God:    Okawaru [*.....]
Gold:   491        SH:  0    Dex: 14    Spells: 10/10 levels left

rFire    . . .     SeeInvis +   a - +10 falchion "Byrron" {elec, *Slow rElec Str+4 Stlth+}
rCold    . . .     Gourm    .   (no shield)
rNeg     + . .     Faith    .   k - +1 scale mail {MR+}
rPois    ∞         Spirit   .   c - +0 helmet
rElec    +         Reflect  .   r - +0 cloak
rCorr    .         Harm     .   F - +2 pair of gloves {Dex+3}
MR       +....                  A - +1 pair of boots
Stlth    +.........             (no amulet)
HPRegen  0.21/turn              I - ring of see invisible
MPRegen  0.12/turn              l - +3 ring of evasion

@: no status effects
A: negative energy resistance 1, electricity resistance, unbreathing,
petrification resistance, rot immunity, AC +8
a: Heroism, Renounce Religion


You were on level 11 of the Dungeon.
You worshipped Okawaru.
Okawaru was aware of your devotion.
You were not hungry.

You visited 2 branches of the dungeon, and saw 12 of its levels.

You collected 816 gold pieces.
You spent 325 gold pieces at shops.

Inventory:

Hand Weapons
 a - the +10 falchion "Byrron" (weapon) {elec, *Slow rElec Str+4 Stlth+}
   (You found it on level 9 of the Dungeon)

   Occasionally, upon striking a foe, it will discharge some electrical energy
   and cause terrible harm.
   It affects your strength (+4).
   It insulates you from electricity.
   It may slow you when you take damage.
   It makes you more stealthy.
 t - a +0 scimitar of flaming
 B - a +0 great sword
 D - a +5 scimitar
Missiles
 d - 3 throwing nets (quivered)
Armour
 c - a +0 helmet (worn)
 k - a +1 scale mail of magic resistance (worn)
 r - a +0 cloak (worn)
 A - a +1 pair of boots (worn)
 F - a +2 pair of gloves of dexterity (worn)
Jewellery
 l - a +3 ring of evasion (right hand)
 C - a +4 ring of protection
 H - an uncursed ring of ice
 I - a ring of see invisible (left hand)
Wands
 j - a wand of polymorph (8)
 y - a wand of flame (26)
 E - a wand of disintegration (10)
 G - a wand of random effects (13)
 J - a wand of digging (5)
Scrolls
 e - a scroll of enchant armour
 h - a scroll of magic mapping
 m - 7 scrolls of teleportation
 u - 3 scrolls of enchant weapon
 x - 2 scrolls of blinking
 z - 2 scrolls of fear
 K - a scroll of identify
Potions
 b - a potion of cancellation
 g - 2 potions of flight
 i - 3 potions of curing
 n - a potion of magic
 o - 2 potions of might
 s - 3 potions of agility
 v - 3 potions of haste
 w - a potion of brilliance
Comestibles
 f - 26 rations
 q - 11 chunks of flesh


   Skills:
 + Level 8.9 Fighting
 * Level 10.5 Long Blades
 - Level 1.7 Throwing
 + Level 8.5 Armour
 + Level 7.1 Dodging


You had 10 spell levels left.
You didn't know any spells.
Your spell library contained the following spells:

 Spells                   Type           Power        Failure   Level  Hunger
 Magic Dart               Conj           #...         63%         1    ##.....
 Sandblast                Erth           #.....       63%         1    ##.....
 Passwall                 Tmut/Erth      #.......     77%         2    ###....
 Searing Ray              Conj           #.....       77%         2    ###....
 Dazzling Flash           Conj/Hex       #.....       94%         3    ####...
 Stone Arrow              Conj/Erth      #.....       94%         3    ####...
 Fulminant Prism          Conj/Hex       #.........   100%        4    #####..
 Iskenderun's Mystic Bla  Conj/Tloc      #.......     100%        4    #####..
 Petrify                  Tmut/Erth      #.......     100%        4    #####..
 Lee's Rapid Deconstruct  Erth           #.........   100%        5    ######.


Dungeon Overview and Level Annotations

Branches:
Dungeon (11/15)            Temple (1/1) D:4            Lair (0/6) D:8
    Orc (0/2) D:9

Altars:
Ashenzari
Cheibriados
Dithmenos
Elyvilon
Fedhas
Gozag
Hepliaklqana
Kikubaaqudgha
Makhleb
Nemelex Xobeh
Okawaru
Qazlal
Ru
Sif Muna
Trog
Uskayaw
Vehumet
Wu Jian
Xom
Yredelemnul
Zin
The Shining One

Shops:
D:6 *   D:8 [![[[

Portals:
Trove: D:10 (give +8 demon trident)
Ice
Cave: D:11


Innate Abilities, Weirdness & Mutations

You are resistant to torment.
Your stone body is resilient. (AC +8)
You are immune to poison.
You resist negative energy. (rN+)
You are resistant to electric shocks. (rElec)
You can survive without breathing.
You are immune to petrification.
You are immune to rotting.


Message History

You feel better. The ice dragon breathes frost at you.
The blast of cold hits you!
* * * LOW HITPOINT WARNING * * *
You feel better.
The ice dragon bites you but does no damage.
The ice dragon claws you but does no damage.
The ice dragon barely misses you.
You feel better.
The ice dragon bites you but does no damage.
The ice dragon claws you but does no damage.
The ice dragon tramples you!
* * * LOW HITPOINT WARNING * * *
You stumble backwards!
You feel better. The ice dragon barely misses you.
The ice dragon claws you but does no damage.
The ice dragon tramples you but does no damage.
The ice dragon breathes frost at you. The blast of cold hits you!!
You die...

**** ,,,*
***********
**,,,*,* ###
*,,,,,,**#h##
*,,∩..Yhh†#h###
*,,...#h####D.#
###**,,,*#** ##.#
.[##***** #@# #..#
#.#
#..#############.#
...........÷[....#
####.######<######
#.#*** #.# #..,,*
#.# #.##,* #.#
***#.#*,* #.#


You could see an ice dragon and 2 wolves.

Vanquished Creatures
  Erica (D:8)
  An unseen horror (D:9)
  Pikel (D:6)
  An unseen horror (shapeshifter) (D:9)
  Joseph (D:8)
  A hornet (D:7)
  3 hippogriffs
  A spriggan (D:6)
  A wraith (D:10)
  Eustachio (D:5)
  A hungry ghost (D:10)
  2 steam dragons (D:11)
  2 water moccasins
  An orc warrior (D:11)
  A hornet zombie (D:9)
  2 ice beasts (D:10)
  A black bear (D:10)
  2 sky beasts
  3 slaves (D:6)
  A wolf (D:11)
  5 ogres
  10 centaurs
  2 big kobolds
  2 gnoll sergeants
  4 bullfrogs
  2 scorpions
  4 killer bees (D:11)
  13 wights
  A howler monkey (D:8)
  A crimson imp (D:5)
  2 centaur zombies
  3 hounds
  3 jellies
  Crazy Yiuf (D:3)
  2 bullfrog skeletons
  12 orc wizards
  3 orc priests
  An iguana (D:2)
  9 worker ants
  2 hound zombies (D:7)
  A mummy (D:4)
  14 gnolls
  11 adders
  A shadow imp (D:5)
  An ooze (D:1)
  3 worms
  2 dart slugs (D:2)
  5 leopard geckos
  25 orcs
  9 giant cockroaches
  10 goblins
  5 hobgoblins
  16 jackals
  13 kobolds
  6 quokkas
  3 ball pythons
  8 bats
  4 frilled lizards
  2 hobgoblin zombies (D:4)
  2 kobold zombies (D:4)
  2 leopard gecko skeletons
  7 rats
260 creatures vanquished.

Vanquished Creatures (others)
  A slave (D:6)
1 creature vanquished.

Grand Total: 261 creatures vanquished

Notes
Turn   | Place    | Note
-------+----------+-------------------------------------------
     0 | D:1      | Borgoz the Gargoyle Gladiator began the quest for the Orb.
     0 | D:1      | Reached XP level 1. HP: 12/12 MP: 1/1
    80 | D:1      | Reached XP level 2. HP: 18/18 MP: 2/2
   108 | D:1      | Reached skill level 3 in Long Blades
   357 | D:1      | Reached skill level 1 in Armour
   607 | D:2      | Reached XP level 3. HP: 22/22 MP: 3/3
   902 | D:2      | Reached XP level 4. HP: 23/27 MP: 4/4
  1283 | D:2      | Reached XP level 5. HP: 24/32 MP: 5/5
  1546 | D:3      | Found a runed translucent door.
  1547 | D:3      | Noticed Crazy Yiuf
  1658 | D:3      | Reached skill level 4 in Long Blades
  1716 | D:3      | Found a basalt altar of Yredelemnul.
  1831 | D:3      | Found a transporter.
  1843 | D:3      | Found a transporter.
  1912 | D:3      | Found a shadowy altar of Dithmenos.
  1914 | D:3      | Noticed a centaur
  2038 | D:3      | Killed Crazy Yiuf
  2038 | D:3      | Reached XP level 6. HP: 30/37 MP: 6/6
  2291 | D:4      | Found a staircase to the Ecumenical Temple.
  2327 | Temple   | Entered the Ecumenical Temple
  3089 | D:5      | Entered Level 5 of the Dungeon
  3096 | D:4      | Reached XP level 7. HP: 40/43 MP: 7/7
  3148 | D:4      | Reached skill level 5 in Long Blades
  3520 | D:5      | Found a sparkling altar of Nemelex Xobeh.
  3548 | D:5      | Noticed Eustachio
  3583 | D:5      | Killed Eustachio
  3866 | D:5      | Reached XP level 8. HP: 46/48 MP: 8/8
  3867 | D:5      | Found a blossoming altar of Fedhas.
  4103 | D:5      | Reached skill level 5 in Fighting
  4103 | D:5      | Reached skill level 6 in Long Blades
  4268 | D:6      | Found Gyitriw's Mayhem Merchandise.
  4819 | D:6      | Reached skill level 5 in Armour
  4965 | D:6      | Noticed Pikel
  4972 | D:6      | Reached skill level 7 in Long Blades
  4972 | D:6      | Reached XP level 9. HP: 42/55 MP: 9/9
  5225 | D:6      | Killed Pikel
  5225 | D:6      | Reached skill level 5 in Dodging
  5393 | D:6      | Found an ancient bone altar of Kikubaaqudgha.
  5673 | D:7      | Reached skill level 8 in Long Blades
  5863 | D:7      | Noticed a hornet
  5875 | D:7      | Killed a hornet
  5912 | D:7      | Found a hazy altar of Hepliaklqana.
  6035 | D:7      | Reached XP level 10. HP: 37/63 MP: 10/10
  6666 | D:8      | Found Gusso's Armour Emporium.
  6687 | D:8      | Bought a +1 pair of gloves of dexterity for 165 gold pieces
  6695 | D:8      | Bought a +1 scale mail of magic resistance for 160 gold
                  | pieces
  6703 | D:8      | Found a staircase to the Lair.
  6706 | D:8      | Found Gatokh's Armour Shoppe.
  6762 | D:8      | Found Zuusha's Antique Armour Boutique.
  6762 | D:8      | Noticed Erica
  6793 | D:8      | Killed Erica
  6793 | D:8      | Reached skill level 9 in Long Blades
  6841 | D:8      | Noticed Joseph
  6861 | D:8      | Killed Joseph
  7046 | D:8      | Found Yfusch's Antique Armour Emporium.
  7049 | D:8      | Found Coups's Distillery.
  7419 | D:9      | Found a staircase to the Orcish Mines.
  7631 | D:9      | Killed an unseen horror
  7843 | D:9      | Killed an unseen horror
  7843 | D:9      | Reached XP level 11. HP: 56/69 MP: 11/11
  7923 | D:9      | Reached skill level 10 in Long Blades
  7996 | D:9      | Found an iron altar of Okawaru.
  8002 | D:9      | Got a twisted falchion
  8004 | D:9      | Became a worshipper of Warmaster Okawaru
  8005 | D:9      | Identified the +10 falchion "Byrron" {elec, *Slow rElec
                  | Str+4 Stlth+} (You found it on level 9 of the Dungeon)
  8062 | D:10     | Entered Level 10 of the Dungeon
  8205 | D:10     | Found a sparkling altar of Nemelex Xobeh.
  8573 | D:10     | Found a portal to a secret trove of treasure.
  8891 | D:11     | Reached * piety under Okawaru
  9035 | D:11     | Found a frozen archway.
  9036 | D:11     | Noticed an ice dragon
  9060 | D:11     | HP: 2/69 [ice dragon/blast of cold (17)]
  9064 | D:11     | Killed from afar by an ice dragon

Levels and vault maps discovered:
D:1:      lemuel_arrival_room, layout_basic, chequers_big_river
D:2:      layout_loops_ring, minmay_bisected
D:3:      layout_basic, gammafunk_temple_overflow_arena,
          overflow_temple_1_default, first_ration, minmay_cut_off,
          uniq_crazy_yiuf_cottage
D:4:      layout_loops_ring, minmay_temple_entry_sparse_star,
          minmay_mini_ossuary
D:5:      layout_basic, nicolae_overflow_crystal_walls, grunt_ministairs_3,
          fedhas_bush_and_centaur_altar, uniq_eustachio
D:6:      layout_cave_pools, lemuel_zombie_altar_kikubaaqudgha,
          minmay_shop_mayhem, hangedman_decor_riveting, uniq_pikel
D:7:      layout_gridville, kennysheep_mini, the_bakery
D:8:      cheibrodos_elevator_heist, layout_basic, dpeg_oklobed_lair,
          serial_shops, shop, shop, shop_statue, nicolae_shop_waterfront, shop,
          uniq_erica, uniq_joseph
D:9:      layout_rooms, okawaru_ov_weapons_minmay, orc_0_dummy
D:10:     layout_roguey, basic_altar, trove_entry_hex_spiral,
          minmay_chambers_of_fives
D:11:     layout_loops_ring, portal_ice_cave_entry_animals_and_master,
          uniq_grum, uniq_gastronok, uniq_snorg
Temple:   regret_index_temple_sphere_string

Skill      XL: |  1  2  3  4  5  6  7  8  9 10 11 |
---------------+----------------------------------+-----
Long Blades    | 3 4 5 7 8 9 10 | 10.5
Armour         | 1 2 3 4 5 6 7 8 |  8.5
Fighting       | 3 4 5 7 8 |  8.9
Dodging        | 3 4 5 6 7 |  7.1
Throwing       | |  1.7

Action                   |  1- 3 |  4- 6 |  7- 9 | 10-12 || total
-------------------------+-------+-------+-------+-------++-------
Melee: Long sword        |    78 |   220 |   471 |       ||   769
       Scimitar          |       |       |    37 |   163 ||   200
       Falchion          |       |       |       |    81 ||    81
       Great sword       |       |       |       |    80 ||    80
Throw: Throwing net      |       |     2 |       |     1 ||     3
  Use: Scroll            |       |     5 |     4 |    16 ||    25
       Potion            |       |       |     3 |     9 ||    12
 Stab: Invisible         |       |       |     6 |       ||     6
  Eat: Chunk             |       |     7 |     8 |    10 ||    25
       Ration            |       |       |     1 |     1 ||     2
Armor: Leather armour    |     4 |       |       |       ||     4
       Scale mail        |    57 |   105 |   200 |   246 ||   608
       Ring mail         |       |       |    93 |    21 ||   114
Dodge: Dodged            |    72 |   185 |   487 |   304 ||  1048
       Rpst.: Long sword |    27 |    48 |   136 |       ||   211
       Scimitar          |       |       |     6 |    37 ||    43
       Great sword       |       |       |       |    26 ||    26
       Falchion          |       |       |       |     9 ||     9

Table legend:
 A = Non-vault XP
 B = Vault XP
 C = Vault XP percentage of total XP
 D = Non-vault monster count
 E = Vault monster count
 F = Vault count percentage of total count
                 A         B        C        D         E       F
            +---------+---------+-------+---------+---------+-------
      Total |    8051 |    4976 |  38.2 |     227 |      30 |  11.7
            +---------+---------+-------+---------+---------+-------
        D:1 |      33 |       0 |   0.0 |      16 |       0 |   0.0
        D:2 |     137 |       4 |   2.8 |      29 |       2 |   6.5
        D:3 |     107 |     168 |  61.1 |      23 |       5 |  17.9
        D:4 |     180 |      22 |  10.9 |      17 |       5 |  22.7
        D:5 |     533 |     309 |  36.7 |      20 |       3 |  13.0
        D:6 |    1112 |     685 |  38.1 |      33 |       2 |   5.7
        D:7 |    1508 |       0 |   0.0 |      24 |       0 |   0.0
        D:8 |    1083 |    1637 |  60.2 |      20 |       5 |  20.0
        D:9 |     502 |    1421 |  73.9 |       5 |       2 |  28.6
       D:10 |    1226 |     609 |  33.2 |      28 |       5 |  15.2
       D:11 |    1630 |     121 |   6.9 |      12 |       1 |   7.7
            +---------+---------+-------+---------+---------+-------
